Selects Advanced Infantry Battlegroup
Construct Weapon Support Center
Selects Artillery Observers
Mechanized Support Center
Construct Medical Station
M1918 Browning Automatic Rifles
Selects Convert to Ranger Squad
Selects Frontline Medical Station
Frontline Medical Station
Improved M9 Bazooka Rockets
Designate Forward Repair Station
Selects M2A1 105mm Howitzer Emplacement
Selects 155mm Rapid Artillery Barrage
M4A1(76) Sherman Medium Tank